[Event "Titled Tuesday Blitz September 27 Late 2022"]
[White "Prydun, Andriy"]
[Black "Mickiewicz, Piotr"]
[WhiteFideId "14145898"]
[BlackFideId "1114891"]
[WhiteElo "2163"]
[BlackElo "2246"]
[Result "0-1"]
[Round "08"]
[TimeControl "180+1"]
[Date "2022.09.28"]
[WhiteClock "0:00:02"]
[BlackClock "0:00:02"]

1. e4 e5 2. Nf3 Nc6 3. Nc3 d6 4. d4 exd4 5. Nxd4 g6 6. Be3 Bg7 7. h4 Nf6 8. Be2 O-O 9. h5 Re8 10. hxg6 hxg6 11. Nxc6 bxc6 12. Qd3 d5 13. O-O-O Be6 14. Bh6 Bxh6+ 15. Rxh6 Kg7 16. Qe3 Rh8 17. Rxh8 Qxh8 18. exd5 cxd5 19. Qe5 c5 20. Rxd5 Bxd5 21. Nxd5 Qh4 22. Bf3 Rd8 23. c3 Rxd5 24. Bxd5 Qxf2 25. Bf3 a5 26. a3 a4 27. Kb1 Qf1+ 28. Ka2 Qc4+ 29. Kb1 Qd3+ 30. Ka2 Qb5 31. Kb1 Qb6 32. Be2 Kf8 33. Bd1 Nd7 34. Qf4 Ke7 35. Qxa4 Ne5 36. Qc2 Qd6 37. Qe2 Kf8 38. Bc2 Kg7 39. Bb3 Qf6 40. Bc2 g5 41. a4 Qf4 42. a5 Nc4 43. Bd3 Nd2+ 44. Kc2 c4 45. Qxd2 cxd3+ 46. Qxd3 Qf2+ 47. Qd2 Qf5+ 48. Qd3 Qxa5 49. Qd4+ f6 50. b4 Qa2+ 51. Kd3 Qxg2 52. b5 Qf1+ 53. Ke4 Qxb5 54. c4 Qc6+ 55. Kd3 Kg6 56. c5 Kf5 57. Qc4 Qf3+ 0-1


[Site "https://www.chess.com"]

[Event "Titled Tuesday Blitz September 27 Late 2022"]
[White "Przybylski, Wojciech"]
[Black "Salinas Herrera, Pablo"]
[WhiteFideId "1117599"]
[BlackFideId "3407128"]
[WhiteElo "2133"]
[BlackElo "2550"]
[Result "0-1"]
[Round "08"]
[TimeControl "180+1"]
[Date "2022.09.28"]
[WhiteClock "0:00:03"]
[BlackClock "0:00:09"]

1. e4 c5 2. Nf3 d6 3. Bb5+ Nd7 4. Ba4 g6 5. O-O Bg7 6. c3 Nf6 7. Re1 O-O 8. h3 e5 9. d4 a6 10. dxe5 dxe5 11. Bg5 b5 12. Bc2 Bb7 13. c4 Qb6 14. Nc3 Rfe8 15. Nd5 Nxd5 16. cxd5 c4 17. Be3 Qd6 18. Nd2 Rac8 19. Qe2 h5 20. a4 Ra8 21. b3 c3 22. Nf3 b4 23. a5 f6 24. Ra4 Bf8 25. Nh4 Kf7 26. g4 Qc7 27. gxh5 g5 28. Nf5 Bd6 29. h6 Kg6 30. Bd1 Kh7 31. Qh5 Nf8 32. Bg4 Rad8 33. Ng7 Re7 34. Bf5+ Kh8 35. h4 Bc8 36. hxg5 fxg5 37. Bxg5 Nh7 38. Bh4 Rg8 39. Bxe7 Qxe7 40. Qg6 Bxf5 41. exf5 Qh4 42. Re3 e4 43. Kf1 Qh1+ 44. Ke2 Qb1 45. Rxe4 Qxe4+ 46. Kf1 Qh1+ 47. Ke2 Qxd5 48. Ra1 Qe4+ 49. Kf1 Qh1+ 50. Ke2 Qxa1 51. f6 Qb2+ 52. Kf3 c2 53. f7 Rf8 54. Ne6 Qf6+ 55. Qxf6+ Nxf6 56. Nd4 c1=Q 57. Nf5 Qf4+ 58. Ke2 Qxf5 0-1


[Site "https://www.chess.com"]

[Event "Titled Tuesday Blitz September 27 Late 2022"]
[White "Romanchuk, Viktor"]
[Black "Hoffmann, Asa"]
[WhiteFideId "14109271"]
[BlackFideId "2001470"]
[WhiteElo "2242"]
[BlackElo "2117"]
[Result "1-0"]
[Round "08"]
[TimeControl "180+1"]
[Date "2022.09.28"]
[WhiteClock "0:00:17"]
[BlackClock "0:00:06"]

1. d4 Nf6 2. c4 c5 3. Nf3 cxd4 4. Nxd4 e5 5. Nb5 d5 6. cxd5 Bb4+ 7. N5c3 O-O 8. a3 Ba5 9. Bg5 Bf5 10. e3 Nbd7 11. Be2 Rc8 12. O-O e4 13. Nb5 Ne5 14. Nxa7 Rc5 15. Nc3 Bxc3 16. bxc3 Rxd5 17. Qb3 Be6 18. c4 Nxc4 19. Bxf6 Nd2 20. Bxd8 Nxb3 21. Bb6 Nxa1 22. Rxa1 Rd2 23. Bf1 Rb2 24. Bd4 Rb3 25. a4 b6 26. Nb5 Ra8 27. Bxb6 Bd7 28. Rd1 Bf5 29. Nc7 Rc8 30. a5 h5 31. Nd5 Kh7 32. Ne7 Rb2 33. Nxf5 Rcc2 34. Ng3 Rxf2 35. Nxe4 Rf5 36. Bd4 Ra2 37. a6 Rd5 38. Rc1 f5 39. Ng5+ Kg6 40. h4 f4 41. Bc4 Rxd4 42. exd4 f3 43. Bxa2 1-0


[Site "https://www.chess.com"]

[Event "Titled Tuesday Blitz September 27 Late 2022"]
[White "Rosen, Eric"]
[Black "Namitbir Singh Walia"]
[WhiteFideId "2032562"]
[BlackFideId "35071068"]
[WhiteElo "2362"]
[BlackElo "1664"]
[Result "1/2-1/2"]
[Round "08"]
[TimeControl "180+1"]
[Date "2022.09.28"]
[WhiteClock "0:00:03"]
[BlackClock "0:00:06"]

1. d4 d5 2. Bf4 Nf6 3. e3 c5 4. Nf3 Nc6 5. Nbd2 e6 6. c3 cxd4 7. exd4 Nh5 8. Be3 Bd6 9. Ne5 g6 10. g4 Ng7 11. h4 Nxe5 12. dxe5 Bxe5 13. h5 gxh5 14. gxh5 Nf5 15. Bf4 Bxf4 16. Qa4+ Bd7 17. Qxf4 Qb8 18. Qb4 Qe5+ 19. Be2 O-O-O 20. Nf3 Qd6 21. Qa5 Qb6 22. Qxb6 axb6 23. Ne5 Rhf8 24. O-O-O f6 25. Ng4 Nd6 26. f3 Bc6 27. Bd3 Rd7 28. Rde1 e5 29. Bc2 Re7 30. Rhf1 Nc4 31. Bf5+ Bd7 32. Nh6 Nd6 33. Bc2 Rg7 34. Rg1 Re7 35. b3 f5 36. Rd1 Bc6 37. Rg5 e4 38. f4 Re6 39. Ng8 Kc7 40. Rg7+ Rf7 41. Rdg1 Be8 42. Kd2 Kc6 43. h6 b5 44. a4 bxa4 45. bxa4 Kc5 46. Ke3 Nc4+ 47. Ke2 Nd6 48. Bb3 b5 49. a5 Nc4 50. a6 Rxa6 51. Ne7 Ra3 52. Bd1 Rxc3 53. Rxf7 Bxf7 54. Nxf5 d4 55. Rg7 Bg6 56. Nh4 Re3+ 57. Kf2 Rg3 58. Nxg6 Rxg6 59. Rxg6 e3+ 60. Kf3 hxg6 61. h7 Nb2 62. h8=Q Nxd1 63. Qc8+ Kb4 64. Ke4 e2 65. Kxd4 e1=Q 66. Qf8+ Kb3 67. Qg8+ Kb2 68. Kc5 Qc3+ 69. Kb6 Qc4 70. Qg7+ Nc3 71. Qxg6 Qxf4 72. Kb7 Qe4+ 73. Ka7 b4 74. Qb6 b3 75. Kb8 Qe8+ 76. Ka7 Qa4+ 77. Kb7 Qb5 78. Ka7 Qxb6+ 79. Ka8 Kc2 1/2-1/2


[Site "https://www.chess.com"]

[Event "Titled Tuesday Blitz September 27 Late 2022"]
[White "Rosenberg, Evan S"]
[Black "Bilan, Danila"]
[WhiteFideId "2019299"]
[BlackFideId "24161918"]
[WhiteElo "2398"]
[BlackElo "2164"]
[Result "0-1"]
[Round "08"]
[TimeControl "180+1"]
[Date "2022.09.28"]
[WhiteClock "0:00:18"]
[BlackClock "0:00:08"]

1. Nf3 d5 2. d4 Nf6 3. c4 c6 4. cxd5 cxd5 5. Nc3 Nc6 6. Bf4 Bf5 7. Qb3 Na5 8. Qa4+ Bd7 9. Qc2 g6 10. e3 Bg7 11. Ne5 O-O 12. Nxd7 Qxd7 13. Be2 Rac8 14. O-O Nc4 15. Rfd1 a6 16. Rac1 b5 17. Qb3 e6 18. h3 Rc6 19. a4 Rb6 20. axb5 axb5 21. Na2 Ne4 22. Nb4 Rc8 23. Ra1 Bf8 24. Na6 Ra8 25. Nc5 Nxc5 26. dxc5 Rxa1 27. cxb6 Rxd1+ 28. Bxd1 Nxb6 29. Be2 Nc4 30. Qa2 Be7 31. b3 Nd6 32. Be5 f6 33. Bd4 Kf7 34. Qa6 Nf5 35. Bxb5 Qc7 36. Bb6 Qc1+ 37. Kh2 Bd6+ 38. f4 Qe1 39. Qb7+ Be7 40. Qc8 Qg3+ 41. Kg1 Qe1+ 42. Bf1 Nxe3 43. Bxe3 Qxe3+ 44. Kh1 Qe1 45. Qa6 Qf2 46. Qe2 Qxf4 47. Kg1 Bc5+ 48. Kh1 Bd6 49. g4 Qd4 50. Bg2 Bc5 51. Qf1 Qf2 52. Qxf2 Bxf2 53. h4 Bxh4 54. Kg1 Be1 55. Kf1 Bb4 56. Ke2 Ke7 57. Kd3 Kd6 58. Kc2 e5 59. Bf1 f5 60. Ba6 fxg4 61. Bc8 g3 62. Bh3 e4 63. Kd1 Ke5 64. Ke2 d4 65. Bg4 Kf4 66. Bd7 g2 67. Kf2 d3 68. Bb5 g5 69. Kxg2 h5 70. Kf2 g4 71. Bd7 h4 72. Bc8 e3+ 73. Kg2 e2 74. Kh2 e1=Q 75. Bxg4 Kxg4 76. Kg2 Qe2+ 77. Kh1 Kg3 78. Kg1 Qg2# 0-1


[Site "https://www.chess.com"]

[Event "Titled Tuesday Blitz September 27 Late 2022"]
[White "Rustemov, Alexander"]
[Black "Richter, Paul"]
[WhiteFideId "4119002"]
[BlackFideId "2046350"]
[WhiteElo "2830"]
[BlackElo "2583"]
[Result "1-0"]
[Round "08"]
[TimeControl "180+1"]
[Date "2022.09.27"]
[WhiteClock "0:00:16"]
[BlackClock "0:00:01"]

1. d4 Nf6 2. c4 g6 3. Nf3 Bg7 4. g3 O-O 5. Bg2 d6 6. Nc3 Nbd7 7. d5 Re8 8. O-O e6 9. h3 e5 10. e4 a5 11. Be3 Qe7 12. Ne1 Nc5 13. Nd3 b6 14. b3 Nh5 15. Rc1 Nxd3 16. Qxd3 f5 17. exf5 gxf5 18. Qe2 Qf7 19. Bf3 Nf6 20. Bg2 f4 21. Bd2 Bh6 22. Rce1 f3 23. Bxf3 Bxd2 24. Qxd2 Bxh3 25. Qg5+ Qg7 26. Qxg7+ Kxg7 27. Bg2 Bf5 28. Re3 Re7 29. Rfe1 Rae8 30. a3 Bd7 31. b4 axb4 32. axb4 Ra8 33. Ne4 Nxe4 34. Bxe4 Ra4 35. Rb1 Rf7 36. Rb2 Ra1+ 37. Kg2 Rc1 38. Rc2 Rxc2 39. Bxc2 Rf8 40. Ra3 Rf7 41. Ra7 Bg4 42. Be4 Be2 43. c5 bxc5 44. bxc5 dxc5 45. f3 c4 46. Kf2 Bd3 47. Ke3 Rd7 48. Ra6 Rd8 49. Rc6 Rd7 50. Rc5 Rf7 51. Bxd3 cxd3 52. Rc3 Rd7 53. Rxd3 Kf6 54. Ke4 h5 55. Rc3 Kg5 56. Kxe5 Re7+ 57. Kd4 Rf7 58. Re3 Rf8 59. Kc5 1-0


[Site "https://www.chess.com"]

[Event "Titled Tuesday Blitz September 27 Late 2022"]
[White "Samarth, J Rao"]
[Black "Peatman, Carter"]
[WhiteFideId "46652370"]
[BlackFideId "2096480"]
[WhiteElo "1514"]
[BlackElo "2470"]
[Result "1-0"]
[Round "08"]
[TimeControl "180+1"]
[Date "2022.09.28"]
[WhiteClock "0:00:06"]
[BlackClock "0:00:11"]

1. c4 e5 2. Nc3 Nc6 3. Nf3 Bc5 4. Nxe5 Bxf2+ 5. Kxf2 Nxe5 6. e3 Nxc4 7. Qg4 Qf6+ 8. Kg1 d5 9. Nxd5 Qxf1+ 10. Kxf1 Bxg4 11. Nxc7+ Kd7 12. Nxa8 Nf6 13. h3 Bf5 14. b3 Bd3+ 15. Ke1 Nd6 16. Nb6+ axb6 17. Bb2 Nfe4 18. g4 f6 19. Rc1 h5 20. gxh5 Rxh5 21. Bd4 Nc5 22. b4 Na4 23. Kf2 Nf5 24. Ba1 Rh4 25. a3 b5 26. Rcg1 Nb6 27. Rg4 Rh7 28. e4 Nd6 29. Ke3 Bc4 30. d3 Be6 31. Rg3 Ke7 32. Bd4 Nd7 33. h4 g5 34. h5 Bf7 35. h6 Bg6 36. Rg2 Nf7 37. Rc2 Kd6 38. Rf2 Nfe5 39. Bxe5+ Kxe5 40. d4+ Ke6 41. Rc2 Kd6 42. Rf2 Re7 43. e5+ fxe5 44. dxe5+ Nxe5 45. Kd4 Nc6+ 46. Kc3 Bh7 47. Rf6+ Kc7 48. Rhf1 Ne5 49. Kd4 Nc6+ 50. Kc3 Kd7 51. Rf7 Ne5 52. Rg7 Bg6 53. Rf6 Be4 54. Kd4 Nc6+ 55. Rxc6 bxc6 56. Rxe7+ Kxe7 57. Kxe4 Kf6 58. h7 Kg7 59. Kf5 g4 60. Kxg4 Kxh7 61. Kf5 Kg7 62. Ke6 Kg6 63. Kd6 c5 64. Kxc5 1-0


[Site "https://www.chess.com"]

[Event "Titled Tuesday Blitz September 27 Late 2022"]
[White "Saraci, Nderim"]
[Black "Mihajlov, Sebastian"]
[WhiteFideId "6351921"]
[BlackFideId "1512110"]
[WhiteElo "2553"]
[BlackElo "2464"]
[Result "1-0"]
[Round "08"]
[TimeControl "180+1"]
[Date "2022.09.27"]
[WhiteClock "0:01:34"]
[BlackClock "0:00:10"]

1. b3 d5 2. Bb2 c5 3. e3 Nc6 4. Nf3 f6 5. d4 Nh6 6. a3 cxd4 7. exd4 Nf7 8. Be2 e5 9. dxe5 fxe5 10. O-O Be7 11. Bb5 Qd6 12. Re1 e4 13. Nc3 Be6 14. Nd4 Bd7 15. Bf1 O-O 16. Ndb5 Qf6 17. Qxd5 Be6 18. Qxe4 Ng5 19. Qe3 Rae8 20. Nc7 Bd6 21. Nxe8 Rxe8 22. Nb5 Qxb2 23. Nxd6 1-0


[Site "https://www.chess.com"]

[Event "Titled Tuesday Blitz September 27 Late 2022"]
[White "Shivakumar, Shawnak"]
[Black "Djokic, Mihailo"]
[WhiteFideId "30940192"]
[BlackFideId "976440"]
[WhiteElo "1711"]
[BlackElo "2315"]
[Result "0-1"]
[Round "08"]
[TimeControl "180+1"]
[Date "2022.09.28"]
[WhiteClock "0:00:19"]
[BlackClock "0:00:05"]

1. c4 Nf6 2. Nc3 g6 3. g3 Bg7 4. Bg2 O-O 5. e4 d6 6. d3 e5 7. Nge2 Nc6 8. O-O Nd4 9. h3 Nd7 10. f4 f5 11. Be3 Nc5 12. b4 Nce6 13. Rc1 a5 14. b5 c6 15. Bf2 Bd7 16. exf5 gxf5 17. bxc6 bxc6 18. fxe5 dxe5 19. Nxd4 exd4 20. Ne2 Rb8 21. Rb1 Qg5 22. Qa4 Rxb1 23. Rxb1 Nc5 24. Qa3 Qd2 25. Qxc5 Qxe2 26. Rb7 Be8 27. Rxg7+ Kxg7 28. Bxd4+ Kg8 29. Qa7 Rf7 30. Qa8 f4 31. Be4 Rf8 32. Qb7 Qe1+ 33. Kg2 Qxg3+ 34. Kh1 Qxh3+ 35. Kg1 Qg4+ 36. Kh1 Bf7 37. Bc5 f3 38. Qb2 Qh5+ 39. Kg1 Qxc5+ 0-1


[Site "https://www.chess.com"]

[Event "Titled Tuesday Blitz September 27 Late 2022"]
[White "Sokolovsky, Yahli"]
[Black "Rangel, Daniel"]
[WhiteFideId "2820242"]
[BlackFideId "2124475"]
[WhiteElo "1920"]
[BlackElo "2225"]
[Result "1-0"]
[Round "08"]
[TimeControl "180+1"]
[Date "2022.09.28"]
[WhiteClock "0:01:36"]
[BlackClock "0:00:02"]

1. b3 Nf6 2. Bb2 g6 3. d4 Bg7 4. Nf3 O-O 5. g3 b6 6. Bg2 Bb7 7. O-O c5 8. c4 cxd4 9. Bxd4 d6 10. Bb2 Nbd7 11. Nc3 Ne4 12. Na4 Ndf6 13. Rb1 Qc8 14. Nc3 a6 15. Qc2 b5 16. cxb5 axb5 17. Rfc1 Nxc3 18. Bxc3 Be4 19. Qd1 Bxb1 20. Bxf6 Bxf6 21. Rxc8 Rfxc8 22. Qxb1 Rc5 23. Ne1 Rac8 24. Nd3 Rc2 25. Bf3 R8c3 26. Kg2 Bd4 27. a4 bxa4 28. bxa4 1-0


[Site "https://www.chess.com"]

[Event "Titled Tuesday Blitz September 27 Late 2022"]
[White "Stanisz, Patryk"]
[Black "Forgacs, Attila Jr."]
[WhiteFideId "1123106"]
[BlackFideId "773654"]
[WhiteElo "1833"]
[BlackElo "2062"]
[Result "1-0"]
[Round "08"]
[TimeControl "180+1"]
[Date "2022.09.28"]
[WhiteClock "0:00:06"]
[BlackClock "0:00:19"]

1. d4 Nf6 2. c4 g6 3. Nc3 d5 4. Nf3 Bg7 5. Qb3 dxc4 6. Qxc4 O-O 7. Bf4 Na6 8. e4 c5 9. dxc5 Qa5 10. Nd2 Qxc5 11. Qxc5 Nxc5 12. Be2 b6 13. O-O Bb7 14. f3 Rfd8 15. Rfd1 Rac8 16. Nc4 Ne6 17. Be5 Ba6 18. b3 Nh5 19. Bxg7 Kxg7 20. Nd5 Nhf4 21. Nxf4 Nxf4 22. Bf1 Kf6 23. g3 Ne6 24. Ne3 Bxf1 25. Kxf1 Nc5 26. Ke2 e6 27. Rac1 Ke7 28. Nc4 Rxd1 29. Rxd1 Rd8 30. Rxd8 Kxd8 31. Ke3 Ke7 32. e5 Kd7 33. f4 Ke7 34. Nd6 Nd7 35. Nc8+ Kd8 36. Nxa7 Nc5 37. Nc6+ Kd7 38. Nd4 Na6 39. a3 Nc7 40. Kd3 Nd5 41. Kc4 Ne3+ 42. Kb5 Kc7 43. Ne2 Nd5 44. b4 Kb7 45. a4 Nc7+ 46. Kc4 Nd5 47. a5 bxa5 48. bxa5 Ka6 49. Kc5 Kxa5 50. Kd6 Kb5 51. Kd7 Ne3 52. Ke8 Nf1 53. h4 Kc5 54. Kxf7 Kd5 55. Kg7 g5 56. hxg5 Ke4 57. Kxh7 Kf5 58. g6 Ne3 59. g7 Ng4 60. g8=Q Nf6+ 61. exf6 e5 62. Qg5+ 1-0


[Site "https://www.chess.com"]

[Event "Titled Tuesday Blitz September 27 Late 2022"]
[White "Tanenbaum, Zachary"]
[Black "Buscar, Michael"]
[WhiteFideId "2060850"]
[BlackFideId "2603616"]
[WhiteElo "2175"]
[BlackElo "2010"]
[Result "1-0"]
[Round "08"]
[TimeControl "180+1"]
[Date "2022.09.28"]
[WhiteClock "0:00:08"]
[BlackClock "0:00:08"]

1. e4 c5 2. Nf3 Nc6 3. Nc3 Nf6 4. Bb5 g6 5. e5 Ng4 6. Bxc6 bxc6 7. h3 Nh6 8. O-O Nf5 9. d3 Nd4 10. Ne4 Bg7 11. Bf4 Ne6 12. Be3 d6 13. exd6 exd6 14. d4 cxd4 15. Nxd4 O-O 16. Nxc6 Qe8 17. Qxd6 Bb7 18. Ne7+ Kh8 19. Ng5 Rd8 20. Qb4 Rd7 21. Nxe6 fxe6 22. Bc5 Rf7 23. Rad1 Rdxe7 24. Bxe7 Rxe7 25. Qa5 Rd7 26. Qb5 Bd5 27. Rfe1 Qd8 28. c4 Bc6 29. Qb3 Rxd1 30. Rxd1 Qc7 31. Qg3 Be5 32. Qg5 Kg7 33. b4 Bf6 34. Qd2 Qb7 35. b5 Bxg2 36. Qd7+ Kh6 37. Qxb7 Bxb7 38. c5 Bd5 39. a4 Be5 40. a5 Kg7 41. b6 axb6 42. cxb6 Kf7 43. b7 Bxb7 44. Rd7+ Kf6 45. Rxb7 Bd4 46. a6 e5 47. a7 Bxa7 48. Rxa7 Kf5 49. Ra4 g5 50. Kf1 h5 51. Ke2 g4 52. hxg4+ hxg4 53. f3 g3 54. Rg4 e4 55. Rxe4 g2 56. Rg4 g1=Q 57. Rxg1 1-0


[Site "https://www.chess.com"]

[Event "Titled Tuesday Blitz September 27 Late 2022"]
[White "Toniutti, Ezio"]
[Black "Siddharth, Jagadeesh"]
[WhiteFideId "113034"]
[BlackFideId "5818320"]
[WhiteElo "2215"]
[BlackElo "2165"]
[Result "0-1"]
[Round "08"]
[TimeControl "180+1"]
[Date "2022.09.28"]
[WhiteClock "0:00:15"]
[BlackClock "0:00:06"]

1. d4 Nf6 2. c4 c5 3. d5 b5 4. cxb5 a6 5. e3 g6 6. Nc3 Bg7 7. Nf3 O-O 8. a4 Bb7 9. e4 e6 10. bxa6 Nxa6 11. Bc4 exd5 12. exd5 Re8+ 13. Be3 Nb4 14. O-O d6 15. Qd2 Ne4 16. Nxe4 Rxe4 17. b3 Bxa1 18. Rxa1 Qf6 19. Rd1 Ba6 20. Bxa6 Rxa6 21. h3 Ra8 22. Qc1 Qf5 23. Nd2 Ree8 24. Nc4 Ra6 25. Qd2 Qe4 26. Bf4 Rd8 27. Bg5 Re8 28. Bf6 Qf5 29. Bc3 Re7 30. Bxb4 cxb4 31. Qxb4 Kg7 32. Qc3+ Qf6 33. Qd3 Rb7 34. a5 Ra8 35. Rb1 Rb5 36. b4 Rab8 37. Nb6 R5xb6 38. axb6 Rxb6 39. b5 Qe5 40. Rc1 Rb8 41. Rc6 Qa1+ 42. Kh2 Qe5+ 43. g3 Qb2 44. Rxd6 Qxf2+ 45. Kh1 Re8 46. Qc3+ Kg8 47. Re6 fxe6 48. d6 Qf1+ 49. Kh2 Qf2+ 50. Kh1 Rf8 0-1


[Site "https://www.chess.com"]

[Event "Titled Tuesday Blitz September 27 Late 2022"]
[White "Tristan, Leonardo"]
[Black "Ekdyshman, Mikhail"]
[WhiteFideId "113816"]
[BlackFideId "4149416"]
[WhiteElo "2404"]
[BlackElo "2146"]
[Result "1-0"]
[Round "08"]
[TimeControl "180+1"]
[Date "2022.09.28"]
[WhiteClock "0:00:45"]
[BlackClock "0:00:07"]

1. d4 Nf6 2. Nf3 e6 3. Bf4 Be7 4. e3 O-O 5. h3 d6 6. Nbd2 Nbd7 7. Bd3 Re8 8. O-O Bf8 9. Bh2 b6 10. c3 Bb7 11. a4 a6 12. e4 e5 13. d5 g6 14. Re1 Nh5 15. b4 Bh6 16. a5 Bxd2 17. Nxd2 Qg5 18. Kh1 f5 19. axb6 Nxb6 20. c4 f4 21. c5 Nxd5 22. exd5 Bxd5 23. Be4 c6 24. Qf3 Nf6 25. Bxd5+ cxd5 26. cxd6 Qf5 27. g4 Qd7 28. g5 e4 29. Qb3 e3 30. fxe3 Qxh3 31. gxf6 1-0


[Site "https://www.chess.com"]

[Event "Titled Tuesday Blitz September 27 Late 2022"]
[White "Van Foreest, Jorden"]
[Black "Fawzy, Adham"]
[WhiteFideId "1039784"]
[BlackFideId "10613129"]
[WhiteElo "2649"]
[BlackElo "2541"]
[Result "1-0"]
[Round "08"]
[TimeControl "180+1"]
[Date "2022.09.27"]
[WhiteClock "0:01:48"]
[BlackClock "0:00:01"]

1. e4 c5 2. Nf3 Nc6 3. Bb5 g6 4. Bxc6 dxc6 5. d3 Bg7 6. h3 Nf6 7. Nc3 Nd7 8. a4 a5 9. O-O e5 10. Nh2 Nf8 11. f4 exf4 12. Bxf4 Ne6 13. Be3 Nd4 14. Qd2 h6 15. Ne2 Be6 16. Rae1 Qd6 17. Nf3 Nxf3+ 18. Rxf3 b6 19. Nf4 O-O-O 20. Nxe6 Qxe6 21. Ref1 Rd7 22. b3 h5 23. Bg5 Bd4+ 24. Kh1 Re8 25. Qf4 Kb7 26. Qh4 Be5 27. Bf6 Bb8 28. Qf2 Qd6 29. g3 Qe6 30. Kg2 Bd6 31. Bg5 Rf8 32. Bh6 Rh8 33. Bg7 Rg8 34. Bb2 Rf8 35. Rf6 Qe8 36. Qf3 Be5 37. Bxe5 Qxe5 38. Rxg6 Qc3 39. Rf2 Re8 40. Rf6 Ree7 41. Qxh5 b5 42. axb5 cxb5 43. Qh6 Kb8 44. Rb6+ Rb7 45. Ra6 Kc7 46. Qd6+ 1-0


[Site "https://www.chess.com"]

[Event "Titled Tuesday Blitz September 27 Late 2022"]
[White "Wagner, Dennis"]
[Black "Wadsworth, Matthew J"]
[WhiteFideId "24650684"]
[BlackFideId "415804"]
[WhiteElo "2355"]
[BlackElo "2294"]
[Result "1-0"]
[Round "08"]
[TimeControl "180+1"]
[Date "2022.09.27"]
[WhiteClock "0:00:04"]
[BlackClock "0:00:05"]

1. e4 c5 2. Nf3 e6 3. d4 cxd4 4. Nxd4 Nc6 5. Nc3 Qc7 6. Be3 a6 7. Be2 Nf6 8. O-O Bb4 9. Nxc6 bxc6 10. f4 d5 11. e5 Nd7 12. Na4 a5 13. c4 Be7 14. Rc1 Qb8 15. Bd3 Ba6 16. b3 O-O 17. Rf3 g6 18. h4 Rd8 19. h5 dxc4 20. bxc4 Qb4 21. Bd2 Qb7 22. Rg3 Nc5 23. Nxc5 Bxc5+ 24. Kh2 Bf2 25. Rh3 Rd7 26. Qg4 Rad8 27. hxg6 Rxd3 28. Rxh7 Bg3+ 29. Kh1 f5 30. Qh5 Rxd2 31. Rh8+ Kg7 32. Qh7# 1-0


[Site "https://www.chess.com"]

[Event "Titled Tuesday Blitz September 27 Late 2022"]
[White "Wieczorek, Oskar"]
[Black "Taboas Rodriguez, Daniel"]
[WhiteFideId "1133950"]
[BlackFideId "2208466"]
[WhiteElo "2302"]
[BlackElo "2429"]
[Result "1-0"]
[Round "08"]
[TimeControl "180+1"]
[Date "2022.09.27"]
[WhiteClock "0:00:38"]
[BlackClock "0:00:19"]

1. e4 e5 2. Nf3 Nc6 3. Nc3 Nf6 4. h3 Bb4 5. Nd5 Ba5 6. c3 d6 7. Qa4 Bd7 8. Bc4 O-O 9. Nxf6+ Qxf6 10. d3 Bb6 11. Qd1 Be6 12. Bb3 Qg6 13. Bxe6 Qxg2 14. Rh2 Bxf2+ 15. Ke2 Qg3 16. Bf5 Bb6 17. Qh1 Ne7 18. Rg2 Nxf5 19. exf5 Qxg2+ 20. Qxg2 d5 21. f6 g6 22. Nxe5 Rfe8 23. d4 Re6 24. Qg5 Rae8 25. Bf4 c5 26. Be3 cxd4 27. cxd4 Bd8 28. Rf1 Bc7 29. Ng4 Bd6 30. Kd3 Re4 31. Qxd5 1-0


[Site "https://www.chess.com"]

[Event "Titled Tuesday Blitz September 27 Late 2022"]
[White "Zochowski, Kacper"]
[Black "Yurovskykh, Oleksandr"]
[WhiteFideId "1125494"]
[BlackFideId "14134020"]
[WhiteElo "2214"]
[BlackElo "2303"]
[Result "1/2-1/2"]
[Round "08"]
[TimeControl "180+1"]
[Date "2022.09.28"]
[WhiteClock "0:00:24"]
[BlackClock "0:00:07"]

1. Nf3 d5 2. c4 dxc4 3. g3 c5 4. Bg2 Nc6 5. O-O e5 6. Qa4 Bd6 7. Na3 Ne7 8. Nxc4 O-O 9. Nxd6 Qxd6 10. b3 f6 11. Bb2 Be6 12. d3 Rac8 13. Nd2 b6 14. a3 Qd7 15. Rfe1 a5 16. Nc4 Rb8 17. Qb5 Nd4 18. Qxd7 Bxd7 19. Bxd4 cxd4 20. b4 a4 21. Rac1 Be6 22. Nd6 Rfd8 23. Rc7 Rxd6 24. Rxe7 Bd7 25. f4 exf4 26. gxf4 Kf8 27. Re4 Bf5 28. Rc1 Bxe4 29. Bxe4 g6 30. b5 f5 31. Bc6 Re6 32. Kf2 Rc8 33. Rc4 Rd6 34. Rxa4 Kg7 35. Rc4 Rc7 36. a4 Ra7 37. Rb4 Kf6 38. Rc4 h6 39. h4 g5 40. fxg5+ hxg5 41. hxg5+ Kxg5 42. Rb4 Kf6 43. Rc4 Ke5 44. Bf3 f4 45. Rb4 Rc7 46. Bc6 Ra7 47. Rc4 Rd8 48. Bf3 Rdd7 49. Rc6 Rd6 50. Rc4 Rdd7 51. Rc6 Rd6 52. Rc4 Rh7 53. Rc8 Ra7 54. Rc4 1/2-1/2


[Site "https://www.chess.com"]

[Event "Titled Tuesday Blitz September 27 Late 2022"]
[White "Aguilar, Juan"]
[Black "Pinheiro, Iung Alicio de O."]
[WhiteFideId "3800091"]
[BlackFideId "2104350"]
[WhiteElo "2378"]
[BlackElo "2283"]
[Result "0-1"]
[Round "09"]
[TimeControl "180+1"]
[Date "2022.09.28"]
[WhiteClock "0:00:04"]
[BlackClock "0:00:12"]

1. d4 Nf6 2. c4 g6 3. Nc3 Bg7 4. e4 d6 5. Nf3 O-O 6. Be2 Nbd7 7. O-O e5 8. Re1 c6 9. Bf1 Qe7 10. d5 c5 11. h3 h6 12. g3 Kh7 13. a3 Ng8 14. b4 b6 15. Bg2 Ndf6 16. Qd3 Ne8 17. Bd2 Kh8 18. bxc5 bxc5 19. Rab1 f5 20. Nh4 Qf7 21. f4 exf4 22. exf5 Bxf5 23. Nxf5 Qxf5 24. Qxf5 Rxf5 25. gxf4 Bd4+ 26. Kh1 g5 27. fxg5 hxg5 28. Be4 Rf2 29. Re2 Nef6 30. Rxf2 Bxf2 31. Rf1 Bd4 32. Bf5 Rb8 33. Nb5 Be5 34. Bxg5 a6 35. Nc7 Rb2 36. Bf4 Bxf4 37. Rxf4 Ne7 38. Be6 Nh5 39. Rf7 Ng6 40. Bf5 Ng3+ 41. Kg1 Nf4 42. Ne6 Rg2# 0-1


[Site "https://www.chess.com"]

[Event "Titled Tuesday Blitz September 27 Late 2022"]
[White "Alexikov, Alexander"]
[Black "Sharan, Rao"]
[WhiteFideId "14103958"]
[BlackFideId "5073464"]
[WhiteElo "2222"]
[BlackElo "2093"]
[Result "0-1"]
[Round "09"]
[TimeControl "180+1"]
[Date "2022.09.28"]
[WhiteClock "0:00:02"]
[BlackClock "0:00:02"]

1. e4 e6 2. d4 d5 3. Nc3 Nf6 4. exd5 exd5 5. Bg5 Be7 6. Bd3 O-O 7. h3 c6 8. Nf3 Nbd7 9. O-O Qc7 10. Re1 Bd6 11. Qd2 b5 12. a3 Bb7 13. Re2 Rfe8 14. Rae1 a5 15. Kh1 b4 16. axb4 axb4 17. Nb1 c5 18. dxc5 Bxc5 19. Rxe8+ Rxe8 20. Rxe8+ Nxe8 21. Bf4 Qb6 22. Qe2 Nef6 23. Nbd2 Bxf2 24. Ne5 Nf8 25. Ndf3 Ne6 26. Bh2 Qe3 27. Qd1 g6 28. Qf1 Ne4 29. Ng4 Qc5 30. Nfe5 f5 31. Bxe4 fxg4 32. Nxg4 dxe4 33. Qxf2 Qxf2 34. Nxf2 e3 35. Nd3 e2 36. Kg1 Nd4 37. Ne1 b3 38. cxb3 Nxb3 39. Kf2 Nc1 40. Bf4 Nb3 41. Kxe2 Kf7 42. g3 Ke6 43. h4 Kf5 44. Kd3 Kg4 45. Kc4 Na5+ 46. Kb5 Nb3 47. Kc4 Na5+ 48. Kc3 Bc6 49. b4 Nb7 50. Kc4 Nd8 51. b5 Bb7 52. Nd3 Ne6 53. Bd6 g5 0-1


[Site "https://www.chess.com"]

[Event "Titled Tuesday Blitz September 27 Late 2022"]
[White "Ansh M Shah"]
[Black "Ekdyshman, Mikhail"]
[WhiteFideId "25033379"]
[BlackFideId "4149416"]
[WhiteElo "1819"]
[BlackElo "2146"]
[Result "0-1"]
[Round "09"]
[TimeControl "180+1"]
[Date "2022.09.28"]
[WhiteClock "0:00:16"]
[BlackClock "0:00:08"]

1. d4 Nf6 2. c4 c5 3. d5 b5 4. cxb5 a6 5. e3 axb5 6. Bxb5 Qa5+ 7. Nc3 Bb7 8. Bd2 e6 9. a4 Qb6 10. e4 exd5 11. exd5 Nxd5 12. Nxd5 Bxd5 13. Nf3 Be7 14. O-O O-O 15. Bg5 Bxf3 16. Qxf3 Bxg5 17. Qxa8 Bf6 18. Rab1 g6 19. Qd5 d6 20. Rfd1 Bd4 21. Bc4 Nc6 22. b3 Nb4 23. Qf3 Be5 24. g3 Nc6 25. Rd5 Nd4 26. Qe4 Qc7 27. Rd1 Re8 28. Qd3 Rb8 29. h4 Bf6 30. h5 Kg7 31. Qe3 Ne6 32. h6+ Kg8 33. Rxd6 Nd4 34. Rxf6 Qd7 35. Rd3 Re8 36. Qf4 Ne2+ 37. Kg2 Nxf4+ 38. Rxf4 Qb7+ 39. Rdf3 Re7 40. Rxf7 Rxf7 41. Bxf7+ Kh8 42. Bc4 Qe7 43. g4 g5 44. Kg3 Qe5+ 45. Kg2 Qe7 46. Kh3 Qd6 47. Rf5 Qxh6+ 48. Kg3 Qd6+ 49. Kg2 Qc6+ 50. f3 Qd6 51. Rxg5 Qd2+ 52. Kg3 Qxg5 53. a5 Qe5+ 54. Kf2 Qd4+ 55. Kg3 Qd6+ 56. Kg2 Qd2+ 57. Kg3 Qxa5 0-1


[Site "https://www.chess.com"]